AoeStats
← Dremora

Arena

510424611Analyzed
4v4 RM · 2d ago on Oct 1, 2026· 54m 14s· 8 players
Game mode
Random Map
Map size
Large (8 player)
Population
200
Speed
Normal
Resources
Standard
Victory
Conquest
Starting age
Dark Age
Ending age
Imperial Age
RankedLock teamsTeams togetherTeam positionsShared explorationLock speedFull tech treeHidden civsTurbo modeCheats
Victory
Defeat
🇨🇱 Cumans · Chile
843
+11
🇺🇸 Varangians · United States
819
+12
🇲🇽 Malay · Mexico
784
+14
🇲🇽 Britons · Mexico
771
+14
🇲🇽 Wu · Mexico
750
-13
🇲🇽 Burgundians · Mexico
739
-13
🇯🇵 Khmer · Japan
726
-13
🇬🇧 Britons · United Kingdom
721
-12
Po bear8617
11:12 Feudal Age
10:47 Loom
12:26 Gold Mining
17:52 Castle Age
15:40 Horse Collar
16:24 Stone Mining
16:28 Man-at-Arms
34:33 Double-Bit Axe
34:54 Heavy Plow
36:17 Wheelbarrow
37:05 Forging
37:01 Scale Barding Armor
36:47 Fletching
36:58 Padded Archer Armor
41:10 Imperial Age
42:46 Conscription
43:52 Stone Shaft Mining
43:28 Gambesons
43:43 Bodkin Arrow
46:06 Cavalier
46:58 Bloodlines
46:49 Husbandry
46:10 Light Cavalry
47:22 Hand Cart
46:55 Town Watch
47:13 Caravan
48:18 Elite Jarl
49:58 Bow Saw
50:59 Vendel Legacy
53:59 Bracer
54:15 Leather Archer Armor
54:04 Scale Mail Armor
Silver
0:29 Loom
10:41 Feudal Age
10:33 Double-Bit Axe
12:25 Wheelbarrow
17:17 Castle Age
16:09 Stone Mining
17:09 Horse Collar
23:16 Hand Cart
23:28 Heavy Plow
23:55 Bow Saw
26:25 Forging
27:53 Iron Casting
26:55 Man-at-Arms
27:36 Squires
27:22 Arson
27:47 Long Swordsman
27:48 Pikeman
29:23 Treadmill Crane
29:39 Murder Holes
30:05 Ballistics
33:34 Imperial Age
33:02 Forced Levy
32:50 Two-Handed Swordsman
33:59 Conscription
36:18 Blast Furnace
36:11 Husbandry
36:24 Capped Ram
36:30 Capped Ram
38:36 Crop Rotation
42:59 Elite Battle Elephant
Dremora
8:53 Loom
11:26 Feudal Age
11:56 Double-Bit Axe
12:09 Gold Mining
12:35 Horse Collar
18:20 Fletching
22:23 Padded Archer Armor
27:38 Castle Age
27:45 Crossbowman
28:31 Thumb Ring
30:27 Bodkin Arrow
30:42 Stone Mining
32:15 Heavy Plow
35:01 Wheelbarrow
35:42 Bow Saw
36:02 Town Watch
37:26 Hand Cart
39:49 Capped Ram
43:09 Imperial Age
41:30 Caravan
41:39 Capped Ram
44:25 Fervor
45:39 Gold Shaft Mining
49:25 Hoardings
49:26 Leather Archer Armor
49:22 Forging
49:17 Scale Barding Armor
50:35 Parthian Tactics
49:31 Heavy Cavalry Archer
49:36 Elite Kipchak
52:56 Chemistry
52:17 Ballistics
52:07 Masonry
53:02 Elite Steppe Lancer
54:25 Conscription
54:08 Steppe Husbandry
La Morte Noire
10:39 Feudal Age
14:25 Castle Age
15:23 Double-Bit Axe
15:20 Horse Collar
16:39 Wheelbarrow
17:27 Bow Saw
19:36 Heavy Plow
24:19 Gold Mining
24:20 Stone Mining
25:38 Hand Cart
25:09 Loom
26:11 Gold Shaft Mining
27:26 Ballistics
26:58 Fletching
27:09 Padded Archer Armor
26:56 Crossbowman
27:50 Bodkin Arrow
28:47 Leather Archer Armor
38:14 Imperial Age
38:44 Fortified Wall
38:45 Masonry
39:28 Yeomen
39:28 Conscription
38:38 Arbalester
39:21 Bracer
40:05 Ring Archer Armor
41:27 Chemistry
41:58 Warwolf
43:14 Two-Man Saw
43:05 Siege Engineers
48:08 Architecture
47:33 Murder Holes
48:17 Hoardings
47:13 Sappers
50:25 Onager
mau.mnry
11:20 Feudal Age
12:51 Loom
15:54 Castle Age
15:41 Double-Bit Axe
17:11 Wheelbarrow
17:52 Bow Saw
22:03 Gold Mining
25:34 Hand Cart
26:37 Padded Archer Armor
26:27 Fletching
26:42 Padded Archer Armor
27:21 Town Watch
28:01 Husbandry
27:48 Horse Collar
28:42 Town Patrol
29:30 Gold Shaft Mining
36:08 Imperial Age
34:15 Scale Barding Armor
34:57 Pikeman
35:37 Stone Mining
35:50 Scale Mail Armor
36:00 Forging
37:10 Treadmill Crane
37:42 Masonry
38:16 Stone Shaft Mining
38:03 Heavy Hei Guang Cavalry
38:39 Man-at-Arms
39:45 Sitting Tiger
39:53 Red Cliffs Tactics
40:14 Conscription
40:44 Bodkin Arrow
41:05 Leather Archer Armor
41:14 Heavy Plow
42:10 Bracer
43:40 Two-Man Saw
43:05 Ballistics
43:35 Elite Fire Archer
45:46 Chemistry
49:54 Architecture
49:57 Guilds
joseabrojo
0:27 Loom
6:23 Double-Bit Axe
11:42 Feudal Age
12:45 Horse Collar
13:51 Stone Mining
16:44 Wheelbarrow
18:34 Castle Age
17:15 Forging
18:44 Bow Saw
18:39 Heavy Plow
18:52 Scale Mail Armor
21:05 Hand Cart
21:07 Squires
22:34 Stone Shaft Mining
26:35 Crop Rotation
30:14 Two-Man Saw
30:48 Scale Barding Armor
33:27 Elite Skirmisher
35:52 Padded Archer Armor
37:14 Fortified Wall
37:31 Fletching
38:59 Bodkin Arrow
40:28 Burgundian Vineyards
40:18 Gold Mining
41:29 Ballistics
41:48 Iron Casting
41:35 Chain Barding Armor
41:26 Town Watch
45:20 Imperial Age
45:56 Chain Mail Armor
45:56 Leather Archer Armor
47:47 Bracer
48:48 Blast Furnace
49:19 Plate Barding Armor
48:49 Light Cavalry
49:30 Husbandry
48:52 Cavalier
50:27 Conscription
49:56 Hussar
kokokun
15:08 Feudal Age
17:54 Castle Age
16:25 Double-Bit Axe
16:27 Horse Collar
20:06 Wheelbarrow
20:41 Loom
28:37 Bow Saw
31:17 Hand Cart
33:46 Gold Mining
33:47 Stone Mining
35:40 Stone Shaft Mining
35:40 Gold Shaft Mining
40:34 Imperial Age
40:59 Heavy Scorpion
42:48 Siege Engineers
46:42 Double Crossbow
47:19 Hoardings
50:39 Chemistry
50:01 Ballistics
50:39 Murder Holes
TheLazyFalcon
14:18 Feudal Age
15:34 Wheelbarrow
16:08 Double-Bit Axe
16:18 Gold Mining
16:20 Stone Mining
16:29 Man-at-Arms
16:54 Arson
18:10 Loom
18:14 Town Watch
19:29 Man-at-Arms
21:16 Scale Mail Armor
25:01 Castle Age
26:34 Hand Cart
27:57 Squires
27:18 Pikeman
27:44 Gambesons
31:05 Fletching
31:15 Padded Archer Armor
31:39 Long Swordsman
32:37 Bodkin Arrow
35:29 Caravan
35:27 Horse Collar
36:00 Bow Saw
36:28 Gold Shaft Mining
36:36 Ballistics
36:57 Leather Archer Armor
36:52 Forging
41:03 Imperial Age
41:28 Two-Handed Swordsman
41:29 Elite Longbowman
42:32 Conscription
42:35 Yeomen
42:38 Champion
44:10 Warwolf
Connection lost

Rejoining the realm…

Still unreachable

The connection could not be restored.

Session expired

The server has moved on; the page needs a fresh start.